 Dungeon Crawl Stone Soup version 0.26-a0-661-g406de6ba63 (webtiles) character file.

Game seed: 10983264406985785085

1291 grandjackal the Skirmisher (level 8, 0/65 HPs)
             Began as a Demonspawn Gladiator on Oct 9, 2020.
             Was a Follower of Makhleb.
             Slain by a killer bee (3 damage)
             ... on level 5 of the Dungeon.
             The game lasted 00:07:26 (6459 turns).

grandjackal the Skirmisher (Demonspawn Gladiator)   Turns: 6459, Time: 00:07:27

Health: 0/65       AC:  7    Str: 18    XL:     8   Next: 30%
Magic:  12/12      EV: 12    Int:  9    God:    Makhleb [*.....]
Gold:   247        SH:  0    Dex: 14    Spells: 7/7 levels left

rFire    . . .     SeeInvis +   a - +0 long sword
rCold    . . .     Faith    .   (no shield)
rNeg     . . .     Spirit   .   z - +0 scale mail
rPois    .         Reflect  .   c - +0 helmet
rElec    .         Harm     .   (no cloak)
rCorr    .         Rampage  .   (no gloves)
MR       .....                  (no boots)
Stlth    +.........             (no amulet)
HPRegen  0.20/turn              u - ring of see invisible
MPRegen  0.13/turn              (no ring)

@: lethally poisoned (0 -> -30), flying
A: claws 1, spiny 1, sturdy frame 2
a: Renounce Religion


You were on level 5 of the Dungeon.
You worshipped Makhleb.
Makhleb was aware of your devotion.
You visited 2 branches of the dungeon, and saw 7 of its levels.

You collected 247 gold pieces.

Inventory:

Hand Weapons
 a - a +0 long sword (weapon)
 b - a +0 rapier of venom
 k - a +4 dagger
Missiles
 d - 5 throwing nets (quivered)
 j - 30 poisoned darts
Armour
 c - a +0 helmet (worn)
 z - a +0 scale mail (worn)
Jewellery
 u - a ring of see invisible (left claw)
Wands
 w - a wand of random effects (32)
Scrolls
 e - a scroll of magic mapping {unknown}
 f - a scroll of remove curse {unknown}
 l - 8 scrolls of identify {unknown}
 o - 3 scrolls of random uselessness {unknown}
 p - a scroll of amnesia {unknown}
 q - a scroll of noise {unknown}
 s - 4 scrolls of teleportation {unknown}
 x - 2 scrolls of immolation {unknown}
 y - 3 scrolls of fear {unknown}
Potions
 g - a potion of haste {unknown}
 h - 5 potions of flight
 i - 2 potions of curing {unknown}
 m - a potion of berserk rage {unknown}
 n - a potion of mutation {unknown}
 r - 2 potions of stabbing {unknown}
 t - a potion of lignification {unknown}
 v - 3 potions of heal wounds {unknown}


   Skills:
 + Level 6.5 Fighting
 - Level 3.0 Long Blades
 - Level 1.7 Throwing
 - Level 3.1 Dodging
 + Level 5.3 Unarmed Combat
 + Level 5.7 Invocations


You had 7 spell levels left.
You didn't know any spells.
Your spell library contained the following spells:

 Spells                   Type           Power        Failure   Level
 Summon Small Mammal      Summ           #...         52%         1
 Call Imp                 Summ           #.......     67%         2
 Call Canine Familiar     Summ           #.......     88%         3
 Summon Guardian Golem    Hex/Summ       #.......     88%         3
 Summon Ice Beast         Ice/Summ       #.......     99%         4
 Summon Lightning Spire   Summ/Air       #.......     99%         4


Dungeon Overview and Level Annotations

Branches:
Dungeon (6/15)             Temple (1/1) D:4

Altars:
Ashenzari
Cheibriados
Dithmenos
Elyvilon
Fedhas
Gozag
Hepliaklqana
Kikubaaqudgha
Makhleb
Nemelex Xobeh
Okawaru
Qazlal
Ru
Sif Muna
Trog
Vehumet
Wu Jian
Xom
Yredelemnul
Zin
The Shining One


Innate Abilities, Weirdness & Mutations

You have sharp fingernails.
You are partially covered in sharp spines.
Your movements are less encumbered by armour. (ER -4)


Message History

The killer bee completely misses you. The worker ant closely misses you.
The killer bee stings you.
* * * LOW HITPOINT WARNING * * *
The killer bee closely misses you.
Unknown command.
Unknown command.
It was a potion of flight.
You feel very buoyant.
You fly up into the air.
* * * LOW HITPOINT WARNING * * *
You feel sick. The killer bee barely misses you.
You riposte.
You hit the killer bee but do no damage.
The killer bee is severely wounded.
The killer bee stings you but does no damage.
The worker ant is struck by your spines.
The worker ant bites you.
* * * LOW HITPOINT WARNING * * *
You are more poisoned.
The worker ant poisons you! The killer bee stings you.
You die...

########### #####
#.........# #...#
#.........# #...#
#.........# #...#
#.........# #...###
#.........# #.....#
###.........# #...#.#
#y.....######
#...#.#### ##@y..#.#
##...#....#####B†..#..#
........#.......#....##
##......#≈.....≈#...##
......###≈≈...≈≈#...#
#.....####≈≈8≈≈##..##
...#...#########...#
...#.#...# ##...#
..#..###.# #...##


You could see a worker ant and 2 killer bees.

Vanquished Creatures
  Eustachio (D:5)
  Menkaure (D:5)
  A sky beast (D:5)
  An ogre (D:5)
  A bullfrog (D:6)
  3 killer bees (D:5)
  A centaur zombie (D:6)
  4 hounds
  A bullfrog zombie (D:5)
  An orc priest (D:4)
  A centaur skeleton (D:6)
  2 iguanas
  4 worker ants
  A hound skeleton (D:6)
  A worker ant zombie (D:6)
  4 gnolls (D:4)
  6 adders
  A white imp (D:5)
  2 oozes
  2 adder skeletons
  4 worms
  A dart slug (D:2)
  5 leopard geckos
  15 orcs
  3 ball pythons
  4 giant cockroaches
  5 goblins
  9 hobgoblins
  5 jackals
  8 kobolds
  4 quokkas
  8 bats
  3 frilled lizards
  8 rats
121 creatures vanquished.

Notes
Turn   | Place    | Note
-------+----------+-------------------------------------------
     0 | D:1      | grandjackal the Demonspawn Gladiator began the quest for
                  | the Orb.
     0 | D:1      | Reached XP level 1. HP: 16/16 MP: 1/1
   348 | D:1      | Gained mutation: You have sharp fingernails. [demonic
                  | ancestry]
   348 | D:1      | Reached XP level 2. HP: 22/22 MP: 2/2
  1095 | D:2      | Reached XP level 3. HP: 21/28 MP: 3/3
  1287 | D:2      | Reached skill level 1 in Unarmed Combat
  1635 | D:2      | Reached skill level 3 in Fighting
  1992 | D:3      | Reached XP level 4. HP: 25/35 MP: 4/4
  3279 | D:3      | Found a blossoming altar of Fedhas.
  3291 | D:3      | Reached XP level 5. HP: 39/42 MP: 5/5
  3436 | D:4      | Found a staircase to the Ecumenical Temple.
  3721 | D:4      | Reached skill level 4 in Fighting
  3869 | D:4      | Gained mutation: You are partially covered in sharp spines.
                  | [demonic ancestry]
  3869 | D:4      | Reached XP level 6. HP: 22/49 MP: 6/6
  4095 | Temple   | Entered the Ecumenical Temple
  4153 | Temple   | Became a worshipper of Makhleb the Destroyer
  4335 | D:4      | Reached skill level 1 in Invocations
  4829 | D:5      | Entered Level 5 of the Dungeon
  4935 | D:5      | Reached skill level 5 in Fighting
  4941 | D:5      | Gained mutation: Your movements are slightly less
                  | encumbered by armour. (ER -2) [demonic ancestry]
  4941 | D:5      | Reached XP level 7. HP: 50/56 MP: 7/9
  5258 | D:6      | Noticed Eustachio
  5258 | D:6      | Noticed Menkaure
  5271 | D:5      | Killed Eustachio
  5719 | D:5      | Killed Menkaure
  5983 | D:5      | Reached skill level 6 in Fighting
  6181 | D:6      | Reached skill level 5 in Unarmed Combat
  6181 | D:6      | Reached skill level 5 in Invocations
  6181 | D:6      | Gained mutation: Your movements are less encumbered by
                  | armour. (ER -4) [demonic ancestry]
  6181 | D:6      | Reached XP level 8. HP: 55/64 MP: 11/11
  6187 | D:5      | Reached * piety under Makhleb
  6459 | D:5      | HP: 3/65 [worker ant (1)]
  6459 | D:5      | Slain by a killer bee

Illustrated notes

Levels and vault maps discovered:
D:1:      mrwooster_arrival_statue_3, layout_loops_ring, nrook_mini_vaults
D:2:      layout_basic, serial_curves, eino_curves_02, eino_curves_01,
          eino_curves_03, eino_curves_03
D:3:      layout_loops_ring, fedhas_altar_1
D:4:      layout_loops_cross, minmay_temple_entry_offerings, minmay_box_of_dots
D:5:      layout_rooms, kennysheep_nub, kennysheep_small_spiral
D:6:      layout_rooms, serial_shops, shop, uniq_eustachio, uniq_menkaure
Temple:   compressed_dpeg_circular_temple

Skill      XL: |  1  2  3  4  5  6  7 |
---------------+----------------------+-----
Dodging        | 3 |  3.1
Long Blades    | 3 |  3.0
Unarmed Combat | 1 2 3 5 |  5.3
Fighting       | 3 4 5 6 |  6.5
Invocations    | 2 5 |  5.7
Throwing       | |  1.7

Action                   |  1- 3 |  4- 6 |  7- 9 || total
-------------------------+-------+-------+-------++-------
Melee: Long sword        |   117 |   185 |    43 ||   345
       Punch             |       |     1 |       ||     1
Throw: Throwing net      |       |       |     2 ||     2
  Use: Potion            |       |       |     1 ||     1
 Stab: Sleeping          |     1 |       |       ||     1
Armor: Leather armour    |    32 |    45 |       ||    77
       Scale mail        |       |       |    39 ||    39
Dodge: Dodged            |    85 |   156 |    72 ||   313
       Rpst.: Long sword |    31 |    49 |    26 ||   106

Table legend: (Time is in decaauts)
 A = Elapsed time spent in this place.
 B = Non-inter-level travel time spent in this place.
 C = Inter-level travel time spent in this place.
 D = Time resting spent in this place.
 E = Time spent auto-exploring this place.
 F = Levels seen in this place.
 G = Mean time per level.
                   A        B        C        D        E       F      G
               +--------+--------+--------+--------+--------+-----+--------+
         Total |   6551 |   6415 |    136 |   2271 |   3262 |   7 |  935.9 |
       Dungeon |   6472 |   6357 |    115 |   2271 |   3262 |   6 | 1078.7 |
        Temple |     78 |     58 |     20 |      0 |      0 |   1 |   78.0 |
               +--------+--------+--------+--------+--------+-----+--------+

Top non-repeatable levels by time:
     D:5: 1630 daAuts
     D:4: 1336 daAuts
     D:3: 1316 daAuts
     D:2: 1233 daAuts
     D:1: 937 daAuts
  Temple: 78 daAuts
     D:6: 19 daAuts
